 Dungeon Crawl Stone Soup version 0.30-a0-359-gd0147acb1a (webtiles) character file.

Game seed: 1789350465127057518

92 pokeman the Magician (level 4, 0/23 (25) HPs)
             Began as a Deep Elf Hedge Wizard on Nov 12, 2022.
             Slain by a wight
             ... wielding a +0 long sword
              (1 damage)
             ... on level 4 of the Dungeon.
             The game lasted 00:05:13 (2627 turns).

pokeman the Magician (Deep Elf Hedge Wizard)        Turns: 2627, Time: 00:05:13

HP:   0/23 (25)     AC:  5    Str:  7    XL:     4   Next: 35%
MP:   8/13          EV: 12    Int: 21    God:
Gold: 188           SH:  0    Dex: 14    Spells: 6/14 levels left

rFire   + . .      SeeInvis .    n - +1 short sword (drain)
rCold   + . .      Faith    .    (no shield)
rNeg    . . .      Spirit   .    e - +0 leather armour
rPois   .          Reflect  .    c - +0 hat
rElec   .          Harm     .    o - scarf {rC+ rF+}
rCorr   .          Rampage  .    l - +0 pair of gloves
Will    .....                    k - +0 pair of boots
Stlth   ++........               h - amulet of magic regeneration
HPRegen 0.23/turn                (no ring)
MPRegen 0.53/turn                (no ring)

@: drained
A: no striking features
a: no special abilities


You were on level 4 of the Dungeon.
You visited 1 branch of the dungeon, and saw 4 of its levels.

You collected 188 gold pieces.

Inventory:

Hand Weapons
 n - a +1 short sword of draining (weapon)
Armour
 c - a +0 hat (worn)
 e - a +0 leather armour (worn)
 k - a +0 pair of boots (worn)
 l - a +0 pair of gloves (worn)
 o - a scarf of resistance (worn)
Jewellery
 h - an amulet of magic regeneration (around neck)
Scrolls
 a - 2 scrolls of identify {unknown}
 f - a scroll of enchant armour {unknown}
 g - 2 scrolls of blinking {unknown}
 i - a scroll of poison {unknown}
 m - a scroll of fear {unknown}
 p - a scroll of teleportation {unknown}
Potions
 b - a potion of cancellation {unknown}
 d - a potion of magic
 j - a potion of lignification {unknown}


   Skills:
 - Level 1.0 Fighting
 - Level 1.0 Armour
 + Level 2.7 Dodging
 + Level 2.7 Stealth
 * Level 5.6 Spellcasting
 + Level 2.2 Conjurations
 - Level 1.1 Summonings
 - Level 1.1 Translocations


You had 6 spell levels left.
You knew the following spells:

 Your Spells              Type           Power      Damage    Failure   Level
a - Magic Dart            Conj           60%        1d6       6%          1
b - Mephitic Cloud        Conj/Pois/Air  9%         N/A       32%         3
c - Call Imp              Summ           10%        N/A       14%         2
d - Blink                 Tloc           20%        N/A       14%         2

Your spell library contained the following spells:

 Spells                   Type           Power      Damage    Failure   Level
 Slow                     Hex            20%        N/A       14%         1
 Cigotuvi's Dreadful Rot  Necr/Pois/Air  10%        N/A       22%         2


Dungeon Overview and Level Annotations

Branches:
Dungeon (4/15)
 Temple: D:4-7

Altars:

Shops:
D:2 *


Message History

Aiming: Magic Dart (safe; 6% risk of failure)
Press: ? - help, Shift-Dir - straight line, f/p - wight
Aim: a wight, wielding a +0 long sword and wearing a +0 robe (moderately damaged, 100% to hit)
The magic dart hits the wight.
The wight is heavily damaged.
Casting: Magic Dart (safe; 6% risk of failure)
Confirm with . or Enter, or press ? or * to list all spells.
Aiming: Magic Dart (safe; 6% risk of failure)
Press: ? - help, Shift-Dir - straight line, f/p - wight
Aim: a wight, wielding a +0 long sword and wearing a +0 robe (heavily damaged, 100% to hit)
The magic dart hits the wight but does no damage.
The wight is heavily damaged.
The wight closely misses you.
Casting: Magic Dart (safe; 6% risk of failure)
Confirm with . or Enter, or press ? or * to list all spells.
Aiming: Magic Dart (safe; 6% risk of failure)
Press: ? - help, Shift-Dir - straight line, f/p - wight
Aim: a wight, wielding a +0 long sword and wearing a +0 robe (heavily damaged, 100% to hit)
The magic dart hits the wight.
The wight is severely damaged.
The wight hits you with a +0 long sword.
Casting: Magic Dart (safe; 6% risk of failure)
Confirm with . or Enter, or press ? or * to list all spells.
Aiming: Magic Dart (safe; 6% risk of failure)
Press: ? - help, Shift-Dir - straight line, f/p - wight
Aim: a wight, wielding a +0 long sword and wearing a +0 robe (severely damaged, 100% to hit)
The magic dart hits the wight but does no damage.
The wight is severely damaged.
The wight hits you with a +0 long sword!
Casting: Magic Dart (safe; 6% risk of failure)
Confirm with . or Enter, or press ? or * to list all spells.
Aiming: Magic Dart (safe; 6% risk of failure)
Press: ? - help, Shift-Dir - straight line, f/p - wight
Aim: a wight, wielding a +0 long sword and wearing a +0 robe (severely damaged, 100% to hit)
The magic dart hits the wight.
The wight is almost destroyed.
The wight hits you with a +0 long sword!
* * * LOW HITPOINT WARNING * * *
You feel drained.
You die...

... . ## .## #.
..# #. #.#
##########. #.#
#.......##. #.#
#.......##. #z#
#.......##.
#@######..........
#..............###
########.......#
#.......#
####.#### #.# #.#
#.# #.#


You could see a wight.

Vanquished Creatures
  An adder (D:2)
  A worm (D:3)
  4 dart slugs
  9 bats
  7 endoplasms
  4 giant cockroaches
  2 goblins
  5 hobgoblins
  9 kobolds
  A quokka (D:2)
  14 ball pythons
  3 frilled lizards
  6 rats
66 creatures vanquished.

Vanquished Creatures (others)
  2 plants (D:1)
2 creatures vanquished.

Grand Total: 68 creatures vanquished

Notes
Turn   | Place    | Note
-------+----------+-------------------------------------------
     0 | D:1      | pokeman the Deep Elf Hedge Wizard began the quest for the
                  | Orb.
     0 | D:1      | Reached XP level 1. HP: 10/10 MP: 7/7
   162 | D:1      | Reached XP level 2. HP: 9/16 MP: 3/9
   694 | D:1      | Reached skill level 5 in Spellcasting
   784 | D:1      | Reached XP level 3. HP: 20/20 MP: 8/11
   790 | D:1      | Learned a level 3 spell: Mephitic Cloud
   793 | D:1      | Learned a level 2 spell: Call Imp
   796 | D:1      | Learned a level 2 spell: Blink
   980 | D:2      | Noticed a floating eye
   989 | D:2      | Found a faded altar of an unknown god.
   993 | D:2      | Noticed a golden eye
   993 | D:2      | Noticed a great orb of eyes
   993 | D:2      | Noticed an eye of devastation
  1001 | D:2      | Reached skill level 1 in Fighting
  1152 | D:2      | Reached skill level 1 in Armour
  1230 | D:2      | Found Ubydiom's Assorted Antiques.
  1784 | D:3      | Reached XP level 4. HP: 20/25 MP: 7/13
  2627 | D:4      | HP: 1/25 [wight/+0 long sword (12)]
  2627 | D:4      | Slain by a wight

Illustrated notes

Levels and vault maps discovered:
D:1:      dpeg_arrival_radiant, layout_basic, minmay_shallow_snake_nest
D:2:      layout_basic, serial_shops, shop,
          hellmonk_ecumenical_altar_watching_god
D:3:      layout_basic, minmay_misc_feat_secret_circle
D:4:      layout_loops_ring, uniq_blork_the_orc, uniq_grinder

Skill      XL: |  1  2  3 |
---------------+----------+-----
Spellcasting   | 5 |  5.6
Fighting       | 1 |  1.0
Armour         | 1 |  1.0
Conjurations   | 2 |  2.2
Dodging        | |  2.7
Stealth        | |  2.7
Summonings     | |  1.1
Translocations | |  1.1

Action                   |  1- 3 |  4- 6 || total
-------------------------+-------+-------++-------
Melee: Dagger            |    23 |       ||    23
       Short sword       |     1 |     1 ||     2
 Cast: Magic Dart        |   115 |    49 ||   164
 Stab: Sleeping          |       |     1 ||     1
Armor: Leather armour    |    23 |     5 ||    28
Dodge: Dodged            |    38 |     3 ||    41

Table legend: (Time is in decaauts)
 A = Elapsed time spent in this place.
 B = Non-inter-level travel time spent in this place.
 C = Inter-level travel time spent in this place.
 D = Time resting spent in this place.
 E = Time spent auto-exploring this place.
 F = Levels seen in this place.
 G = Mean time per level.
                   A        B        C        D        E       F      G
               +--------+--------+--------+--------+--------+-----+--------+
         Total |   2625 |   2578 |     47 |     97 |   2059 |   4 |  656.2 |
       Dungeon |   2625 |   2578 |     47 |     97 |   2059 |   4 |  656.2 |
               +--------+--------+--------+--------+--------+-----+--------+

Top non-repeatable levels by time:
     D:1: 916 daAuts
     D:3: 902 daAuts
     D:2: 765 daAuts
     D:4: 40 daAuts
